AoeStats
← Murmeldjuret. ®

Nomad

510847644Analyzed
4v4 RM · 22h ago on Oct 2, 2026· 54m 46s· 8 players
Game mode
Random Map
Map size
231×231
Population
200
Speed
Normal
Resources
Standard
Victory
Conquest
Starting age
Dark Age
Ending age
Imperial Age
RankedLock teamsTeams togetherTeam positionsShared explorationLock speedFull tech treeHidden civsTurbo modeCheats
Victory
Defeat
🇸🇪 Danes · Sweden
1133
+16
🇺🇸 Chinese · United States
1114
+17
🇸🇪 Magyars · Sweden
1110
+17
🇮🇪 Huns · Ireland
1097
+18
🇪🇸 Persians · Spain
1284
-22
🇪🇸 Mongols · Spain
1241
-21
🇩🇪 Celts · Germany
1135
-17
🇮🇹 Franks · Italy
891
-8
redjumper99
7:28 Loom
15:31 Feudal Age
16:21 Double-Bit Axe
21:15 Fishing Lines
24:13 Town Watch
29:52 Wheelbarrow
29:12 Stone Mining
48:05 Castle Age
46:21 Scale Barding Armor
46:27 Forging
49:50 Bow Saw
51:28 Hand Cart
51:58 Town Patrol
53:33 Bloodlines
53:23 Husbandry
52:44 Light Cavalry
Murmeldjuret. ®
4:01 Loom
12:50 Feudal Age
18:57 Castle Age
22:53 Bloodlines
22:05 Light Cavalry
22:52 Scale Barding Armor
24:07 Chain Barding Armor
27:20 Horse Collar
30:54 Gold Mining
30:55 Stone Mining
34:18 Heavy Plow
35:01 Fletching
35:52 Bodkin Arrow
41:23 Imperial Age
41:30 Imperial Age
39:52 Double-Bit Axe
40:18 Husbandry
41:34 Corvinian Army
41:37 Elite Magyar Huszar
42:57 Plate Barding Armor
41:46 Hussar
48:01 Conscription
Murkeldjuret. ®
5:21 Loom
13:24 Feudal Age
19:02 Castle Age
17:24 Fletching
17:53 Double-Bit Axe
19:37 Bodkin Arrow
25:01 Bow Saw
29:56 Gold Mining
30:01 Stone Mining
30:07 Arson
32:39 Squires
32:24 Gambesons
35:33 Gold Shaft Mining
35:35 Stone Shaft Mining
34:46 Horse Collar
39:30 Imperial Age
39:36 Wheelbarrow
40:56 Conscription
40:58 Forging
40:48 Scale Mail Armor
40:50 Bracer
40:46 Elite Jomsviking
42:26 Iron Casting
42:36 Chain Mail Armor
42:25 Elite Varangian Guard
45:27 Blast Furnace
46:20 Plate Mail Armor
51:00 Ballistics
51:40 Chemistry
50:45 Padded Archer Armor
51:41 Thumb Ring
50:58 Elite Skirmisher
51:08 Elite Skirmisher
52:12 Hand Cart
55:38 Leather Archer Armor
Agent Orange
2:55 Loom
15:35 Feudal Age
16:03 Double-Bit Axe
21:53 Castle Age
21:51 Horse Collar
22:20 Stone Mining
24:33 Bow Saw
26:06 Stone Shaft Mining
26:46 Fletching
30:01 Padded Archer Armor
31:30 Gold Mining
35:45 Imperial Age
33:54 Wheelbarrow
34:11 Gold Shaft Mining
33:00 Pikeman
34:16 Squires
34:03 Arson
34:36 Scale Mail Armor
35:33 Hand Cart
35:24 Town Watch
35:48 Heavy Plow
36:20 Chain Mail Armor
36:15 Forging
36:01 Bodkin Arrow
35:54 Halberdier
37:15 Conscription
38:39 Plate Mail Armor
38:19 Forging
38:06 Bodkin Arrow
41:11 Two-Man Saw
40:55 Elite Chu Ko Nu
42:37 Iron Casting
42:04 Bracer
42:04 Padded Archer Armor
43:22 Elite Skirmisher
44:08 Thumb Ring
45:24 Blast Furnace
43:55 Elite Fire Lancer
51:40 Leather Archer Armor
YOU XXX
13:40 Feudal Age
17:13 Castle Age
15:07 Double-Bit Axe
15:11 Loom
15:47 Loom
15:48 Town Watch
16:29 Fishing Lines
18:12 Medium Warships
18:16 Bow Saw
23:01 Fletching
26:19 Bodkin Arrow
28:14 Horse Collar
29:16 Scale Mail Armor
29:48 Pikeman
32:48 Wheelbarrow
32:21 Gold Mining
32:28 Stone Mining
33:18 Padded Archer Armor
33:29 Heavy Plow
34:58 Chain Mail Armor
35:38 Forging
38:23 Imperial Age
36:43 Ballistics
38:07 Gold Shaft Mining
38:08 Stone Shaft Mining
38:58 Leather Archer Armor
39:36 Bloodlines
39:27 Husbandry
40:32 Chemistry
39:43 Bracer
41:44 Siege Engineers
42:02 Conscription
44:57 Capped Ram
47:17 Elite Mangudai
48:42 Onager
50:43 Thumb Ring
51:03 Parthian Tactics
mideamarket
12:06 Loom
14:01 Feudal Age
14:43 Double-Bit Axe
22:33 Castle Age
21:04 Gold Mining
24:46 Wheelbarrow
24:22 Stone Mining
25:19 Gold Shaft Mining
28:18 Forging
42:36 Murder Holes
49:18 Imperial Age
szedler
5:58 Loom
14:02 Feudal Age
18:38 Castle Age
17:26 Double-Bit Axe
20:01 Bow Saw
20:18 Forging
24:24 Medium Warships
25:08 Horse Collar
28:15 Wheelbarrow
28:37 Iron Casting
29:54 Hand Cart
30:27 Gold Mining
31:14 Pikeman
33:26 Gold Shaft Mining
36:17 Imperial Age
34:03 Heavy Plow
35:14 Scale Mail Armor
36:27 Chain Mail Armor
36:11 Arson
36:31 Heavy Scorpion
37:29 Halberdier
39:06 Furor Celtica
40:20 Chemistry
40:08 Town Watch
40:12 Gambesons
41:25 Siege Engineers
43:19 Plate Mail Armor
43:49 Blast Furnace
43:56 Husbandry
43:16 Light Cavalry
44:46 Capped Ram
44:55 Hussar
45:59 Siege Ram
49:12 Scale Barding Armor
qianyuhu222
12:39 Feudal Age
17:13 Castle Age
15:04 Horse Collar
17:37 Double-Bit Axe
18:00 Loom
20:13 Wheelbarrow
25:23 Medium Warships
25:43 Heavy Plow
25:56 Bow Saw
28:35 Scale Barding Armor
35:12 Imperial Age
33:45 Ballistics
34:45 Chain Barding Armor
35:02 Gold Mining
35:02 Stone Mining
35:37 Forging
35:57 Conscription
35:27 Town Watch
36:38 Hand Cart
37:04 Plate Barding Armor
37:41 Iron Casting
36:59 Cavalier
41:48 Two-Man Saw
40:44 Savar
41:24 Husbandry
41:35 Bloodlines
42:44 Crop Rotation
46:16 Blast Furnace
Connection lost

Rejoining the realm…

Still unreachable

The connection could not be restored.

Session expired

The server has moved on; the page needs a fresh start.